 Dungeon Crawl Stone Soup version 0.27-a0-1416-g941b2bd30b (webtiles) character file.

Game seed: 17868118818679041042

129 bande the Shield-Bearer (level 5, -7/33 HPs)
             Began as a Gargoyle Fighter on July 1, 2021.
             Mangled by a gnoll (13 damage)
             ... on level 2 of the Dungeon.
             The game lasted 00:04:35 (2200 turns).

bande the Shield-Bearer (Gargoyle Fighter)          Turns: 2200, Time: 00:04:36

Health: -7/33      AC: 15    Str: 19    XL:     5   Next: 12%
Magic:  5/5        EV:  3    Int:  9    God:
Gold:   58         SH:  0    Dex: 10    Spells: 4/4 levels left

rFire    . . .     SeeInvis .   a - +1 war axe
rCold    . . .     Faith    .   c - +0 kite shield
rNeg     + . .     Spirit   .   h - +0 plate armour
rPois    ∞         Reflect  .   (no helmet)
rElec    +         Harm     .   (no cloak)
rCorr    .         Rampage  .   (no gloves)
Will     .....                  (no boots)
Stlth    ..........             (no amulet)
HPRegen  0.11/turn              (no ring)
MPRegen  0.09/turn              (no ring)

@: confused, ambrosia-drunk
A: sickness immunity, AC +4, negative energy resistance 1, electricity
resistance, torment resistance 1, petrification resistance
a: no special abilities


You were on level 2 of the Dungeon.
You visited 1 branch of the dungeon, and saw 2 of its levels.

You collected 58 gold pieces.

Inventory:

Hand Weapons
 a - a +1 war axe (weapon)
 i - a +0 flail
Armour
 c - a +0 kite shield (worn)
 h - a +0 plate armour (worn)
Jewellery
 b - a +6 ring of intelligence
Scrolls
 e - a scroll of teleportation
Potions
 d - 2 potions of might


   Skills:
 + Level 4.0 Fighting
 + Level 3.1 Axes
 + Level 4.0 Armour
 + Level 0.2 Dodging
 - Level 0.2 Stealth
 + Level 4.0 Shields


You had 4 spell levels left.
You didn't know any spells.
Your spell library contained the following spells:

 Spells                   Type           Power      Damage    Failure   Level
 Slow                     Hex            0%         N/A       100%        2
 Static Discharge         Conj/Air       0%         N/A       100%        2
 Confusing Touch          Hex            0%         N/A       100%        3
 Petrify                  Tmut/Erth      0%         N/A       100%        4
 Irradiate                Conj/Tmut      0%         3d14      100%        5
 Lightning Bolt           Conj/Air       0%         1d11      100%        5
 Yara's Violent Unravell  Hex/Tmut       0%         3d3       100%        5
 Chain Lightning          Conj/Air       0%         N/A       100%        9
 Sublimation of Blood     Necr           Unusable   N/A       N/A         2

Dungeon Overview and Level Annotations

Branches:
Dungeon (2/15)

Altars:


Innate Abilities, Weirdness & Mutations

You are immune to sickness and miasma.
Your stone body is resilient. (AC +4)
You are immune to poison.
You resist negative energy. (rN+)
You are resistant to electric shocks. (rElec)
You are resistant to unholy torment.
You are immune to petrification.


Message History

A gnoll comes into view. It is wielding a +0 flail.
The gnoll shouts!
A gnoll comes into view. It is wielding a +0 halberd.
A gnoll comes into view.
It is wielding a +2 whip of electrocution.
There are monsters nearby!
The gnoll shouts! x2
The gnoll hits you with a +0 flail! You block the gnoll's attack.
Found a leather armour.
You slash the gnoll!
The gnoll is heavily wounded.
The gnoll hits you with a +0 flail. You block the gnoll's attack.
You slash the gnoll!
You kill the gnoll!
The gnoll hits you from afar with a +0 halberd! x2
* * * LOW HITPOINT WARNING * * *
The gnoll hits you but does no damage.
Your Fighting skill increases to level 4!
You are too injured to fight recklessly!
You are too injured to fight recklessly!
You are too injured to fight recklessly!
You are too injured to fight recklessly!
You are too injured to fight recklessly!
You are too injured to fight recklessly!
You are too injured to fight recklessly!
You are too injured to fight recklessly!
You are too injured to fight recklessly!
You are too injured to fight recklessly!
You are confused.
You feel invigorated.
The gnoll hits you from afar with a +0 halberd.
* * * LOW HITPOINT WARNING * * *
The gnoll hits you with a +2 whip of electrocution.
* * * LOW HITPOINT WARNING * * *
You hit the gnoll but do no damage.
The gnoll hits you but does no damage. x2
You barely miss the gnoll.
The gnoll hits you from afar with a +0 halberd!
* * * LOW HITPOINT WARNING * * *
The gnoll hits you but does no damage.
The gnoll hits you from afar with a +0 halberd!
You die...

#........# #........#
#......... #.........
### #......... ....
#.#.###... .....
#.#.###...
......#########.#.##....
.....gg@..........##.†..
......#########.####....
....[ ####.####.... ....
#............ ...
#............ ##
+...>........
#............
+............
#...........)


You could see 2 gnolls.

Vanquished Creatures
  Jessica (D:2)
  5 gnolls (D:2)
  2 dart slugs
  2 ball pythons (D:1)
  4 endoplasms
  4 giant cockroaches (D:2)
  9 hobgoblins
  7 kobolds (D:1)
  4 bats
  A frilled lizard (D:2)
  3 goblins
  8 rats
50 creatures vanquished.

Notes
Turn   | Place    | Note
-------+----------+-------------------------------------------
     0 | D:1      | bande the Gargoyle Fighter began the quest for the Orb.
     0 | D:1      | Reached XP level 1. HP: 14/14 MP: 1/1
   163 | D:1      | Reached XP level 2. HP: 19/19 MP: 2/2
   546 | D:1      | Reached XP level 3. HP: 23/23 MP: 3/3
  1322 | D:2      | Noticed Jessica
  1332 | D:2      | Killed Jessica
  1333 | D:2      | Reached XP level 4. HP: 25/29 MP: 4/4
  2115 | D:2      | Reached XP level 5. HP: 33/33 MP: 5/5
  2200 | D:2      | Mangled by a gnoll

Illustrated notes

Levels and vault maps discovered:
D:1:      dpeg_arrival_round_a, layout_basic, minmay_misc_feat_rugged
D:2:      layout_basic, chequers_decorated_corner, minmay_pentomino_t4,
          uniq_robin, uniq_jessica

Skill      XL: |  1  2  3  4  5 |
---------------+----------------+-----
Axes           | 2 3 |  3.1
Armour         | 4 |  4.0
Shields        | 4 |  4.0
Fighting       | 4 |  4.0
Dodging        | |  0.2
Stealth        | |  0.2

Action                   |  1- 3 |  4- 6 || total
-------------------------+-------+-------++-------
Melee: War axe           |    64 |    66 ||   130
  Use: Scroll            |     2 |     2 ||     4
       Potion            |       |     2 ||     2
Armor: Scale mail        |    13 |       ||    13
       Plate armour      |    32 |    76 ||   108
Dodge: Dodged            |    14 |    15 ||    29
Block: Kite shield       |    41 |    41 ||    82

Table legend: (Time is in decaauts)
 A = Elapsed time spent in this place.
 B = Non-inter-level travel time spent in this place.
 C = Inter-level travel time spent in this place.
 D = Time resting spent in this place.
 E = Time spent auto-exploring this place.
 F = Levels seen in this place.
 G = Mean time per level.
                   A        B        C        D        E       F      G
               +--------+--------+--------+--------+--------+-----+--------+
         Total |   2277 |   2224 |     53 |    429 |   1283 |   2 | 1138.5 |
       Dungeon |   2277 |   2224 |     53 |    429 |   1283 |   2 | 1138.5 |
               +--------+--------+--------+--------+--------+-----+--------+

Top non-repeatable levels by time:
     D:1: 1453 daAuts
     D:2: 823 daAuts
